 Dungeon Crawl Stone Soup version 0.27-a0-1529-g1e82c303ef (webtiles) character file.

Game seed: 12559733789515335049

671 flotson the Sneak (level 7, 0/84 HPs)
             Began as a Formicid Delver on July 11, 2021.
             Was an Initiate of Gozag.
             Slain by Duvessa (17 damage)
             ... on level 5 of the Dungeon.
             The game lasted 00:11:15 (6718 turns).

flotson the Sneak (Formicid Delver)                 Turns: 6718, Time: 00:11:18

Health: 0/84       AC: 23    Str: 19    XL:     7   Next: 89%
Magic:  7/7        EV:  2    Int:  9    God:    Gozag
Gold:   263        SH:  0    Dex: 12    Spells: 6/6 levels left

rFire    + . .     SeeInvis .   b - +1 dagger (venom)
rCold    . . .     Faith    .   (no shield)
rNeg     + + +     Spirit   .   (armour currently unavailable)
rPois    +         Reflect  .   (helmet unavailable)
rElec    .         Harm     .   (cloak currently unavailable)
rCorr    .         Rampage  .   (gloves currently unavailable)
Will     .....                  (boots currently unavailable)
Stlth    +++.......             (no amulet)
HPRegen  0.24/turn              i - ring of protection from fire
MPRegen  0.10/turn              (no ring)

@: mighty, lethally poisoned (0 -> -18), tree-form
A: stationary, stasis, torment immunity, boosted hp, permanent stasis, dig
shafts and tunnels, (antennae 3), four strong arms
a: Renounce Religion, Potion Petition, Call Merchant, Bribe Branch


You were on level 5 of the Dungeon.
You worshipped Gozag.
Gozag was aware of your devotion.
You were a tree.
You visited 2 branches of the dungeon, and saw 6 of its levels.

You collected 355 gold pieces.
You paid 92 gold pieces to Gozag.

Inventory:

Hand Weapons
 a - a +0 hand axe
 b - a +1 dagger of venom (weapon)
 r - a +0 trident
Missiles
 q - 15 poisoned darts (quivered)
Armour
 s - a +0 scale mail (melded)
Jewellery
 i - a ring of protection from fire (left branch)
Wands
 f - a wand of digging (3)
Scrolls
 c - a scroll of fog
 d - a scroll of amnesia {unknown}
 e - 2 scrolls of fear
 j - a scroll of enchant weapon {unknown}
 m - 2 scrolls of magic mapping
 o - a scroll of identify {unknown}
 p - 2 scrolls of teleportation {unknown}
Potions
 h - 2 potions of haste
 k - 2 potions of might
 l - a potion of resistance


   Skills:
 + Level 5.0 Fighting
 + Level 3.8 Axes
 + Level 2.4 Throwing
 + Level 3.3 Armour
 + Level 3.5 Dodging
 - Level 6.0 Stealth
 + Level 3.2 Evocations


You had 6 spell levels left.
You didn't know any spells.
Your spell library contained the following spells:

 Spells                   Type           Power      Damage    Failure   Level
 Animate Skeleton         Necr           0%         N/A       38%         1
 Pain                     Necr           0%         1d4       38%         1
 Slow                     Hex            0%         N/A       52%         2
 Static Discharge         Conj/Air       0%         N/A       52%         2
 Confusing Touch          Hex            0%         N/A       77%         3
 Stone Arrow              Conj/Erth      0%         3d7       77%         3
 Vampiric Draining        Necr           0%         2d6       77%         3
 Dispel Undead            Necr           0%         3d6       99%         4
 Sticky Flame             Conj/Fire      0%         2d3       99%         4
 Bolt of Magma            Conj/Fire/Erth 0%         4d4       100%        5
 Shatter                  Erth           0%         3d5*      100%        9


Dungeon Overview and Level Annotations

Branches:
Dungeon (5/15)             Temple (1/1) D:4

Altars:
Ashenzari
Cheibriados
Dithmenos
Elyvilon
Fedhas
Gozag
Hepliaklqana
Kikubaaqudgha
Makhleb
Nemelex Xobeh
Okawaru
Qazlal
Ru
Trog
Uskayaw
Vehumet
Xom
Yredelemnul
Zin
The Shining One

Annotations:
D:5 Duvessa


Innate Abilities, Weirdness & Mutations

You are a tree.
Your roots penetrate the ground, keeping you stationary.
You cannot be teleported.
You are immune to unholy pain and torment.
Your maximum health is greatly increased.
Your equipment is partially melded.
You cannot be hasted, slowed, berserked, paralysed or teleported.
You can dig through walls and to a lower floor.
((You have a pair of large antennae on your head. (SInv)))
Your four strong arms can wield two-handed weapons with a shield.


Message History

Duvessa goes berserk!
Duvessa is nearby!
Press: ? - help, v - describe, . - travel
Here: Duvessa, wielding a +0 short sword of venom and wearing a +0 scale mail (berserk)
The floor.
Unknown command.
Unknown command.
Okay, then.
Unknown command.
Unknown command.
Okay, then.
Unknown command.
You hear a shout! x2
You hear a shout!
Duvessa rages.
Duvessa rages.
Duvessa hits you with a +0 short sword of venom!
Duvessa barely misses you.
There is an open door here.
Duvessa hits you with a +0 short sword of venom!
You are poisoned.
It was a potion of might.
You feel very mighty all of a sudden.
You feel sick.
Duvessa hits you with a +0 short sword of venom!
You are lethally poisoned!
It was a potion of lignification.
You turn into a tree.
Your +0 scale mail melds into your body.
Your roots penetrate the ground.
You feel extremely sick.
Duvessa hits you with a +0 short sword of venom.
* * * LOW HITPOINT WARNING * * *
Duvessa hits you but does no damage.
It was a potion of berserk rage.
Your stasis prevents you from going berserk.
* * * LOW HITPOINT WARNING * * *
You feel very sick.
Duvessa hits you with a +0 short sword of venom!
You die...
Your body crumbles into a pile of gold.

..................#
..................#
..................#
..................#
..................#
..................#
....############'##
....#.....#.....e#
....#.....#.....♣#
....#.....'......#
....#.##..###....#
e.###.##..###....#
..#........#.....#
#........#.....#
#........'.....#
#........#.....#
#........#.....#


You could see Duvessa (berserk).

Vanquished Creatures
  An ogre (D:4)
  A phantom (D:5)
  Dowan (D:5)
  A bullfrog zombie (D:5)
  3 orc priests
  2 hounds (D:5)
  An iguana (D:4)
  3 orc wizards
  4 gnolls
  A howler monkey zombie (D:4)
  3 adders (D:2)
  An ufetubus (D:5)
  A worm (D:3)
  3 dart slugs
  8 orcs
  6 bats
  14 endoplasms
  5 giant cockroaches
  6 goblins
  2 hobgoblins
  7 jackals (D:2)
  4 kobolds (D:1)
  4 quokkas
  5 ball pythons
  10 frilled lizards
  3 rats (D:1)
100 creatures vanquished.

Vanquished Creatures (others)
  A human (D:3)
  4 plants
5 creatures vanquished.

Grand Total: 105 creatures vanquished

Notes
Turn   | Place    | Note
-------+----------+-------------------------------------------
     0 | D:5      | flotson the Formicid Delver began the quest for the Orb.
     0 | D:5      | Reached XP level 1. HP: 18/18 MP: 1/1
    99 | D:5      | Noticed an orc wizard
   130 | D:4      | Noticed an iguana
   423 | D:3      | Found a snail-covered altar of Cheibriados.
   699 | D:2      | Reached XP level 2. HP: 20/24 MP: 2/2
  1023 | D:2      | Reached skill level 1 in Evocations
  1023 | D:2      | Reached XP level 3. HP: 29/29 MP: 3/3
  1029 | D:2      | Reached skill level 1 in Armour
  1403 | D:1      | Found a faded altar of an unknown god.
  1727 | D:1      | Reached XP level 4. HP: 22/37 MP: 4/4
  3050 | D:2      | Reached XP level 5. HP: 42/42 MP: 5/5
  3421 | D:3      | Found an ancient bone altar of Kikubaaqudgha.
  3421 | D:3      | Noticed a human
  3425 | D:3      | Killed a human
  3647 | D:3      | Found a burning altar of Makhleb.
  3704 | D:3      | Found a blossoming altar of Fedhas.
  4739 | D:4      | Reached skill level 1 in Throwing
  4739 | D:4      | Reached XP level 6. HP: 43/48 MP: 6/6
  5036 | D:4      | Found a staircase to the Ecumenical Temple.
  5042 | Temple   | Entered the Ecumenical Temple
  5098 | Temple   | Became a worshipper of Gozag Ym Sagoz the Greedy
  5226 | D:4      | Noticed an ogre
  5251 | D:4      | Killed an ogre
  5252 | D:4      | Reached XP level 7. HP: 55/55 MP: 7/7
  5516 | D:4      | Found a sacrificial altar of Ru.
  5516 | D:4      | Found a hide-covered altar of Uskayaw.
  5517 | D:4      | Found an iron altar of Okawaru.
  6398 | D:5      | Noticed Dowan
  6399 | D:5      | Noticed Duvessa
  6430 | D:5      | Killed Dowan
  6431 | D:5      | Reached skill level 5 in Fighting
  6718 | D:5      | Slain by Duvessa

Illustrated notes

Levels and vault maps discovered:
D:1:      ncdulo_halloftheorcs, layout_basic, basic_ecumenical_altar,
          serial_park_tiny_1, minmay_misc_feat_doors, serial_bayou_pond_a
D:2:      layout_loops_corners, minmay_circle_x
D:3:      layout_basic, slow_altar_2, tgw_kikubaaqudgha, lemuel_tele_altar,
          lemuel_round_altar, serial_curves, eino_curves_01, eino_curves_01,
          chequers_serial_rivers_room_b
D:4:      layout_loops_corners, gammafunk_temple_overflow_forgotten,
          minmay_temple_entry_statues
D:5:      layout_gridville, uniq_duvessa, uniq_edmund, uniq_grinder
Temple:   cyrus_circular_temple

Skill      XL: |  1  2  3  4  5  6  7 |
---------------+----------------------+-----
Dodging        | 2 3 |  3.5
Evocations     | 1 2 3 |  3.2
Armour         | 1 2 3 |  3.3
Fighting       | 4 5 |  5.0
Axes           | 3 |  3.8
Throwing       | 1 2 |  2.4
Stealth        | |  6.0

Action                   |  1- 3 |  4- 6 |  7- 9 || total
-------------------------+-------+-------+-------++-------
Melee: Hand axe          |    83 |       |     9 ||    92
       Dagger            |    32 |   155 |   133 ||   320
Throw: Dart              |       |    26 |     4 ||    30
 Abil: Dig               |       |     1 |       ||     1
  Use: Scroll            |     1 |       |       ||     1
       Potion            |     2 |       |     3 ||     5
 Stab: Sleeping          |     6 |    10 |       ||    16
Armor: Ring mail         |    33 |    40 |       ||    73
       Scale mail        |       |       |    47 ||    47
       Skin              |       |       |     1 ||     1
Dodge: Dodged            |    61 |    82 |    80 ||   223

Table legend: (Time is in decaauts)
 A = Elapsed time spent in this place.
 B = Non-inter-level travel time spent in this place.
 C = Inter-level travel time spent in this place.
 D = Time resting spent in this place.
 E = Time spent auto-exploring this place.
 F = Levels seen in this place.
 G = Mean time per level.
                   A        B        C        D        E       F      G
               +--------+--------+--------+--------+--------+-----+--------+
         Total |   6735 |   6504 |    231 |    249 |   5019 |   6 | 1122.5 |
       Dungeon |   6666 |   6448 |    218 |    249 |   4969 |   5 | 1333.2 |
        Temple |     69 |     56 |     13 |      0 |     50 |   1 |   69.0 |
               +--------+--------+--------+--------+--------+-----+--------+

Top non-repeatable levels by time:
     D:4: 1751 daAuts
     D:2: 1457 daAuts
     D:3: 1299 daAuts
     D:1: 1131 daAuts
     D:5: 1026 daAuts
  Temple: 69 daAuts
